 Dungeon Crawl Stone Soup version 0.17.0-28-g6e173f8 (console) character file.

86 Kloppie the Conjurer (level 4, -3/30 HPs)
             Began as a High Elf Conjurer on Nov 22, 2015.
             Slain by a worker ant (5 damage)
             ... on level 3 of the Dungeon.
             The game lasted 00:06:23 (2983 turns).

Kloppie the Conjurer (High Elf Conjurer)            Turns: 2983, Time: 00:06:23

Health: -3/30      AC:  2    Str:  7    XL:     4   Next: 27%
Magic:  9/17       EV: 12    Int: 20    God:
Gold:   235        SH:  0    Dex: 15    Spells: 2 memorised, 2 levels left

rFire  . . .     SeeInvis .     t - +0 short sword
rCold  . . .     Clarity  .     a - +0 robe
rNeg   . . .     SustAt   .     (no shield)
rPois  .         Gourm    .     (no helmet)
rElec  .         Spirit   .     (no cloak)
rCorr  .         Warding  .     (no gloves)
rMut   .         Stasis   .     (no boots)
MR     .....                    (no amulet)
Stlth  ++........               (no ring)
                                k - ring of magical power

@: lethally poisoned (-3 -> -6), not resistant to hostile enchantments,
unstealthy
A: no striking features
a: no special abilities


You were on level 3 of the Dungeon.
You were not hungry.

You visited 1 branch of the dungeon, and saw 4 of its levels.

You collected 235 gold pieces.

Inventory:

Hand Weapons
 e - a +0 dagger
 t - a +0 short sword (weapon)
Armour
 a - a +0 robe (worn)
Jewellery
 k - a ring of magical power (left hand)
Scrolls
 d - 4 scrolls of remove curse {unknown}
 f - 3 scrolls of enchant weapon {unknown}
 l - 3 scrolls of magic mapping {unknown}
 m - a scroll of teleportation {unknown}
 o - a scroll of enchant armour {unknown}
 p - a scroll of identify {unknown}
 q - a scroll of random uselessness {unknown}
 s - a scroll of immolation {unknown}
 u - a scroll of amnesia {unknown}
Potions
 g - 2 potions of curing {unknown}
 h - 2 potions of ambrosia {unknown}
 i - a potion of brilliance {unknown}
 n - a potion of might {unknown}
 v - a potion of heal wounds {unknown}
Books
 b - a book of Conjurations

   Spells                             Type                      Level
   a - Magic Dart                     Conjuration                  1
   b - Searing Ray                    Conjuration                  2
   c - Dazzling Spray                 Conjuration/Hexes            3
   d - Fulminant Prism                Conjuration/Hexes            4
   e - Iskenderun's Mystic Blast      Conjuration                  4
   f - Iskenderun's Battlesphere      Conjuration/Charms           5
 r - a book of the Tempests

   Spells                             Type                      Level
   a - Static Discharge               Conjuration/Air              3
   b - Lightning Bolt                 Conjuration/Air              5
   c - Fireball                       Conjuration/Fire             5
   d - Tornado                        Air                          9
   e - Shatter                        Earth                        9
Comestibles
 c - 2 bread rations
 j - a meat ration


   Skills:
 + Level 2.6 Fighting
 - Level 2.1 Dodging
 - Level 2.1 Stealth
 - Level 2.4 Spellcasting
 + Level 5.4 Conjurations
 + Level 0.2 Hexes


You had 2 spell levels left.
You knew the following spells:

 Your Spells              Type           Power        Failure   Level  Hunger
a - Magic Dart            Conj           ###.         1%          1    #......
b - Fulminant Prism       Conj/Hex       ##........   58%         4    #####..


Dungeon Overview and Level Annotations

Branches:
Dungeon (4/15)
 Temple: D:4-7

Altars:
Cheibriados


Message History

Aiming: Magic Dart
Press: ? - help, Shift-Dir - straight line, f/p - worker ant
Aim: a worker ant (severely wounded)
The magic dart hits the worker ant.
The worker ant is severely wounded.
The worker ant bites you.
* * * LOW HITPOINT WARNING * * *
You are poisoned.
The worker ant poisons you! The worker ant bites you.
* * * LOW HITPOINT WARNING * * *
Casting: Magic Dart
Confirm with . or Enter, or press ? or * to list all spells.
Aiming: Magic Dart
Press: ? - help, Shift-Dir - straight line, f/p - worker ant
Aim: a worker ant (severely wounded)
The magic dart hits the worker ant.
The worker ant is almost dead.
* * * LOW HITPOINT WARNING * * *
You feel sick. The worker ant bites you.
You die...

#...# #.# #.### #.#
#.# #.# #.# #.# #.#
#.# #># #.# #.# #.#
#.#######.# #####
#...a@..#.#
###...############.#.#
.##................#.#
.##..[##############.#
.###.## #.#
.##...######### #.#
..............# #.#
.##...#######.# #.#
.###.## #.######(#


You could see a worker ant.

Vanquished Creatures
  3 adders
  An adder skeleton (D:4)
  A worm (D:3)
  An orc (D:3)
  8 hobgoblins
  7 jackals
  5 kobolds
  2 quokkas
  A ball python (D:1)
  7 bats
  4 giant cockroaches
  A giant newt (D:2)
  5 goblins
  7 rats
  A fungus (D:1)
54 creatures vanquished.

Notes
Turn   | Place    | Note
--------------------------------------------------------------
     0 | D:1      | Kloppie the High Elf Conjurer began the quest for the Orb.
     0 | D:1      | Reached XP level 1. HP: 11/11 MP: 4/4
   163 | D:1      | Reached skill level 1 in Fighting
   263 | D:1      | Reached XP level 2. HP: 8/18 MP: 0/6
   392 | D:1      | Found a snail-covered altar of Cheibriados.
  1384 | D:2      | Reached XP level 3. HP: 12/24 MP: 5/7
  1565 | D:2      | Reached skill level 5 in Conjurations
  2312 | D:3      | Reached XP level 4. HP: 30/30 MP: 8/8
  2375 | D:3      | Learned a level 4 spell: Fulminant Prism
  2983 | D:3      | Slain by a worker ant

Action                   |  1- 3 |  4- 6 || total
-------------------------+-------+-------++-------
Melee: Dagger            |   128 |       ||   128
       Short sword       |       |    17 ||    17
 Cast: Magic Dart        |    60 |    19 ||    79
 Stab: Sleeping          |     3 |       ||     3
  Eat: Chunk             |     5 |     2 ||     7
